 Dungeon Crawl Stone Soup version 0.30.1-9-gdf580d7c3d (webtiles) character file.

Game seed: 11885660738254235127

436 Ijustatesigmund the Digger (level 7, -2/60 HPs)
             Began as a Gargoyle Earth Elementalist on Oct 12, 2023.
             Slain by an ogre
             ... wielding a +0 giant club
              (10 damage)
             ... on level 6 of the Dungeon.
             The game lasted 00:05:42 (3468 turns).

Ijustatesigmund the Digger (GrEE)                   Turns: 3468, Time: 00:05:43

Health: -2/60      AC:  8    Str:  9    XL:     7   Next: 1%
Magic:  10/12      EV: 11    Int: 18    God:
Gold:   229        SH:  0    Dex: 10    Spells: 9/13 levels left

rFire   . . .        n - +5 long sword "Afooczev" {flame, Fly rN+++ Will- Str-2}
rCold   . . .        (no shield)
rNeg    + + +        a - +0 robe
rPois   ∞            (no helmet)
rElec   +            c - +0 cloak
rCorr   +            (no gloves)
SInv    .            i - +0 pair of boots
Will    .....        (no amulet) Stlth
                     t - ring of resist corrosion
HPRegen 0.30/turn    (no ring)
MPRegen 0.13/turn

%: no passive effects
@: berserking, flying, very quick
A: sickness immunity, AC +4, negative energy resistance 1, electricity
resistance, torment resistance 1, petrification resistance
a: no special abilities


You were on level 6 of the Dungeon.
You visited 1 branch of the dungeon, and saw 5 of its levels.

You collected 229 gold pieces.

Inventory:

Hand Weapons
 e - a +0 mace
 n - the +5 long sword "Afooczev" (weapon) {flame, Fly rN+++ Will- Str-2}
   (You found it on level 2 of the Dungeon)

   Str:       It affects your strength (-2).
   rN:        It renders you almost immune to negative energy.
   Fly:       It grants you flight.
   Will:      It decreases your willpower.
Armour
 a - a +0 robe (worn)
 c - a +0 cloak (worn)
 i - a +0 pair of boots (worn)
Jewellery
 t - a ring of resist corrosion (left hand)
Wands
 q - a wand of charming (6)
Scrolls
 f - 2 scrolls of immolation {unknown}
 g - 2 scrolls of enchant weapon {unknown}
 k - a scroll of torment {unknown}
 l - a scroll of vulnerability {unknown}
 o - a scroll of silence {unknown}
 p - a scroll of amnesia {unknown}
 u - a scroll of noise {unknown}
Potions
 b - a potion of magic
 d - a potion of attraction
 h - a potion of lignification
 j - a potion of brilliance
 r - a potion of heal wounds {unknown}
 s - a potion of resistance {unknown}


   Skills:
 + Level 2.0 Fighting
 - Level 2.5 Maces & Flails
 - Level 1.5 Dodging
 - Level 2.1 Stealth
 + Level 3.7 Spellcasting
 + Level 3.2 Conjurations
 - Level 0.7 Transmutations
 + Level 5.6 Earth Magic


You had 9 spell levels left.
You knew the following spells:

 Your Spells              Type           Power      Damage    Failure   Level
a - Sandblast             Erth           46%        2d11      1%          1
b - Stone Arrow           Conj/Erth      38%        3d9       8%          3

Your spell library contained the following spells:

 Spells                   Type           Power      Damage    Failure   Level
 Passwall                 Tmut/Erth      11%        N/A       6%          2
 Petrify                  Tmut/Erth      14%        N/A       38%         4
 Ozocubu's Armour         Ice            3%         N/A       41%         3
 Metabolic Englaciation   Hex/Ice        1%         N/A       99%         5
 Simulacrum               Ice/Necr       1%         N/A       100%        6


Dungeon Overview and Level Annotations

Branches:
Dungeon (6/15)
 Temple: D:4-7

Altars:

Shops:
D:1 [


Innate Abilities, Weirdness & Mutations

You are immune to sickness and miasma.
Your stone body is resilient. (AC +4)
You are immune to poison.
You resist negative energy. (rN+)
You are resistant to electric shocks. (rElec)
You are resistant to unholy torment.
You are immune to petrification.


Message History

Aiming: Sandblast (safe; 1% risk of failure)
Press: ? - help, Shift-Dir - straight line, f - ice beast
Aim: an ice beast (83% to hit)
The blast of sand misses the ice beast.
You barely miss the ice beast. The ice beast misses you.
You hit the ice beast.
You melt the ice beast.
The ice beast is moderately wounded.
The ice beast closely misses you.
You hit the ice beast.
You melt the ice beast.
The ice beast is moderately wounded.
The ice beast hits you but does no damage.
The ice beast hits you. The ice beast freezes you!
You are too injured to fight recklessly!
Casting: Sandblast (safe; 1% risk of failure)
Confirm with . or Enter, or press ? or * to list all spells.
Aiming: Sandblast (safe; 1% risk of failure)
Press: ? - help, Shift-Dir - straight line, f/p - ice beast
Aim: an ice beast (moderately wounded, 83% to hit)
The blast of sand misses the ice beast.
The ice beast hits you. The ice beast freezes you.
* * * LOW HITPOINT WARNING * * *
A red film seems to cover your vision as you go berserk!
You feel yourself moving faster!
You feel mighty! The ice beast hits you.
* * * LOW HITPOINT WARNING * * *
The ice beast freezes you.
* * * LOW HITPOINT WARNING * * *
You slash the ice beast!
You melt the ice beast.
The ice beast is almost dead.
You hear a shout!
The ice beast barely misses you.
An ogre comes into view. It is wielding a +0 giant club.
You slash the ice beast!
You melt the ice beast.
You kill the ice beast!
Your Fighting skill increases to level 2!
Your Conjurations skill increases to level 3!
You have reached level 7!
You slash the ogre! You burn the ogre.
The ogre is heavily wounded.
The ogre hits you with a +0 giant club!
You die...

#......# ##.#)###..##
###.##.####.###....#.#
#..#.......#>##..#..
##.######...###..#.#
#.# #...# #..#.# #.#
#...# #..#.##### #.#
....## #....†..[# #.#
##########.#.###.# #..
#@...........#
#..#.O.########.#.#
#...### #.#.# ##.#
#.#.# #. #.#.. # #.###
#.# ..#


You could see an ogre.

Vanquished Creatures
  Sigmund (D:3)
  An ice beast (D:6)
  Natasha (twice) (D:3)
  Robin (D:3)
  4 gnolls (D:3)
  3 adders
  2 dart slugs (D:1)
  An orc (D:3)
  5 ball pythons
  6 endoplasms
  5 giant cockroaches
  11 goblins
  7 hobgoblins
  3 kobolds
  A quokka (D:3)
  2 bats
  A frilled lizard (D:2)
  2 rats
58 creatures vanquished.

Notes
Turn   | Place    | Note
-------+----------+-------------------------------------------
     0 | D:1      | Ijustatesigmund the Gargoyle Earth Elementalist began the
                  | quest for the Orb.
     0 | D:1      | Reached XP level 1. HP: 10/10 MP: 3/3
   186 | D:1      | Reached XP level 2. HP: 16/16 MP: 3/5
   245 | D:1      | Found Woakuom's Armour Boutique.
   443 | D:1      | Reached skill level 1 in Fighting
   625 | D:1      | Reached skill level 4 in Earth Magic
  1142 | D:2      | Reached XP level 3. HP: 20/20 MP: 3/6
  1146 | D:2      | Learned a level 3 spell: Stone Arrow
  1370 | D:2      | Identified the +5 long sword "Afooczev" {flame, Fly rN+++
                  | Will- Str-2}
  2074 | D:3      | Reached skill level 1 in Conjurations
  2074 | D:3      | Reached XP level 4. HP: 25/25 MP: 3/8
  2130 | D:3      | Reached skill level 1 in Maces & Flails
  2391 | D:3      | Noticed Sigmund
  2410 | D:3      | Killed Sigmund
  2411 | D:3      | Reached skill level 5 in Earth Magic
  2411 | D:3      | Reached XP level 5. HP: 25/29 MP: 8/10
  2411 | D:3      | Reached XP level 6. HP: 30/34 MP: 8/11
  2658 | D:3      | Noticed Robin
  2677 | D:3      | Killed Robin
  3139 | D:3      | Found a faded altar of an unknown god.
  3144 | D:3      | Noticed Natasha
  3147 | D:3      | Killed Natasha
  3188 | D:3      | Noticed Natasha
  3191 | D:3      | Killed Natasha
  3395 | D:4      | You are sucked into a shaft and drop 2 floors!
  3459 | D:6      | Noticed an ice beast
  3467 | D:6      | Killed an ice beast
  3468 | D:6      | Reached XP level 7. HP: 8/40 MP: 10/12
  3468 | D:6      | Slain by an ogre

Illustrated notes

Levels and vault maps discovered:
D:1:      sevenhm_arrival_forest_fort_small_4, layout_loops_corners,
          serial_shops, nicolae_shop_tiny_real_fake_doors, serial_forest,
          infiniplex_forest_clump_long, infiniplex_forest_lined_4_way,
          infiniplex_forest_straight_2, infiniplex_forest_zigzag_1,
          infiniplex_forest_lined_room_, infiniplex_forest_clump_double,
          infiniplex_forest_clump_curved
D:2:      layout_basic
D:3:      kennysheep_big_flooded_room, layout_basic,
          hellmonk_ecumenical_altar_arch_garden, patterned_corridor,
          uniq_sigmund, uniq_robin, uniq_natasha
D:4:      layout_loops_ring, zin_purify, beargit_hepliaklqana_dungeon_heroes,
          minmay_temple_entry_glass, minmay_misc_feat_four_crosses,
          grunt_ministairs_8
D:6:      layout_loops_ring, kennysheep_donut, water_maze_lemuel

Skill      XL: |  1  2  3  4  5  6 |
---------------+-------------------+-----
Fighting       | 1 2 |  2.0
Earth Magic    | 4 5 |  5.6
Conjurations   | 1 2 3 |  3.2
Maces & Flails | 2 |  2.5
Spellcasting   | 3 |  3.7
Dodging        | |  1.5
Stealth        | |  2.1
Transmutations | |  0.7

Action                     |  1- 3 |  4- 6 |  7- 9 || total
---------------------------+-------+-------+-------++-------
  Melee: Long sword        |    11 |    38 |     1 ||    50
   Cast: Sandblast         |    34 |    27 |       ||    61
    Use: Potion            |       |     2 |       ||     2
         Scroll            |       |     4 |       ||     4
 Armour: Robe              |     3 |    15 |       ||    18
         Skin              |       |    24 |       ||    24
  Dodge: Dodged            |    13 |    32 |       ||    45
